 Dungeon Crawl Stone Soup version 0.29.1-12-g30fa7ad0bf (webtiles) character file.

Game seed: 18292657748275479038

21612 KevinSullivan the Cruncher (level 12, -7/89 HPs)
             Began as a Demonspawn Gladiator on Jan 5, 2023.
             Was a Plaything of Xom.
             Mangled by a catoblepas (21 damage)
             ... on level 3 of the Lair of Beasts.
             The game lasted 00:59:55 (12077 turns).

KevinSullivan the Cruncher (Demonspawn Gladiator)  Turns: 12077, Time: 00:59:56

Health: -7/89      AC: 35    Str: 13    XL:     12   Next: 55%
Magic:  29/29      EV:  7    Int: 14    God:    Xom [...*..]
Gold:   774        SH:  0    Dex: 11    Spells: 9/21 levels left

rFire   + . .      SeeInvis .   C - +7 staff of the Meek {protect, meekguard}
rCold   x x .      Faith    .   (shield currently unavailable)
rNeg    . . .      Spirit   .   O - +1 chain mail "Pyrchin" {rElec rC- Dex-5 Slay+4}
rPois   .          Reflect  .   c - +2 helmet
rElec   +          Harm     .   r - scarf {+Inv}
rCorr   .          Rampage  .   (no gloves)
Will    .....                   (no boots)
Stlth   ++........              D - amulet of the acrobat
HPRegen 0.24/turn               L - ring "Cyimob" {Fly rC- MP+9 Str+3 Stlth+}
MPRegen 0.21/turn               s - +4 ring of protection

@: under a protective aura, flying
A: claws 2, molten scales 2, spiny 3, demonic magic 1, talons 1, camouflage 1,
fire resistance 1, weak 2
a: Renounce Religion, Evoke Invisibility


You were on level 3 of the Lair of Beasts.
You worshipped Xom.
You were a favourite toy of Xom.
You visited 2 branches of the dungeon, and saw 12 of its levels.
You also visited: Sewer.

You collected 774 gold pieces.

Inventory:

Hand Weapons
 u - a +3 quarterstaff of chaos
 C - the +7 staff of the Meek (weapon) {protect, meekguard}
   (You found it on level 6 of the Dungeon)

   It grants its wielder temporary protection when it strikes (+7 to AC).
   It provides extra protection to wielders with little health.
 G - a +0 halberd
Missiles
 f - 2 boomerangs (quivered)
 w - a javelin
 x - 3 boomerangs of dispersal
 N - a throwing net
Armour
 b - a +1 leather armour
 c - a +2 helmet (worn)
 d - a +2 hat
 e - a +2 robe of fire resistance
 h - a +0 ring mail
 k - a +1 cloak of stealth
 r - a scarf of invisibility (worn)
 O - the +1 chain mail "Pyrchin" (worn) {rElec rC- Dex-5 Slay+4}
   (You found it on level 3 of the Lair of Beasts)

   Dex:       It affects your dexterity (-5).
   Slay:      It affects your accuracy & damage with ranged weapons and melee
   (+4).
   rC:        It makes you vulnerable to cold.
   rElec:     It insulates you from electricity.
Jewellery
 j - a +4 ring of evasion
 q - a ring of flight
 s - a +4 ring of protection (right claw)
 t - a +4 ring of evasion
 A - a ring of protection from cold
 D - an amulet of the acrobat (around neck)
 F - a ring of magical power
 H - an amulet of regeneration
 L - the ring "Cyimob" (left claw) {Fly rC- MP+9 Str+3 Stlth+}
   (You found it on level 1 of the Lair of Beasts)

   [ring of flight]

   Str:       It affects your strength (+3).
   rC:        It makes you vulnerable to cold.
   MP:        It affects your magic capacity (+9).
   Fly:       It grants you flight.
   Stlth:     It makes you more stealthy.
Wands
 y - a wand of flame (10)
 B - a wand of mindburst (2)
 J - a wand of polymorph (7)
Scrolls
 n - 5 scrolls of teleportation
 o - 2 scrolls of vulnerability
 K - a scroll of immolation
 M - a scroll of magic mapping
Potions
 a - a potion of degeneration {unknown}
 g - 3 potions of attraction
 i - a potion of might
 l - 2 potions of mutation {unknown}
 m - a potion of brilliance
 p - a potion of magic
 v - a potion of resistance
 z - 2 potions of ambrosia {unknown}
 I - 3 potions of heal wounds


   Skills:
 * Level 6.6 Fighting
 * Level 5.4(8.6) Polearms
 * Level 10.3(10.9) Staves
 * Level 5.8 Throwing
 * Level 6.1 Armour
 * Level 6.8 Dodging
 * Level 6.1 Stealth
 * Level 5.3 Spellcasting
 * Level 3.0 Conjurations
 * Level 2.5 Transmutations
 * Level 2.6 Earth Magic
 * Level 4.7 Evocations


You had 9 spell levels left.
You knew the following spells:

 Your Spells              Type           Power      Damage    Failure   Level
a - Stone Arrow           Conj/Erth      22%        3d8       98%         3
b - Petrify               Tmut/Erth      11%        N/A       100%        4
c - Irradiate             Conj/Tmut      5%         3d13      100%        5

Your spell library contained the following spells:

 Spells                   Type           Power      Damage    Failure   Level
 Sandblast                Erth           22%        2d7       78%         1
 Passwall                 Tmut/Erth      9%         N/A       90%         2
 Sublimation of Blood     Necr           3%         N/A       99%         2
 Conjure Flame            Conj/Fire      7%         6-21      99%         3
 Ignite Poison            Fire/Tmut/Pois 6%         N/A       100%        3
 Sticky Flame             Conj/Fire      7%         2d3       100%        4


Dungeon Overview and Level Annotations

Branches:
Dungeon (9/15)             Temple (0/1) D:6            Lair (3/5) D:9
 Shoals (0/4) Lair:3        Snake (0/4) Lair:3        Sewer (visited)
    Orc: D:9-12

Altars:
Fedhas
Gozag
Uskayaw
Vehumet
Xom

Annotations:
Lair:3 exclusion: oklob plant


Innate Abilities, Weirdness & Mutations

You have very sharp fingernails.
You are mostly covered in molten scales. (AC +3)
You are completely covered in sharp spines.
Spells you cast may paralyse adjacent enemies.
You have sharp toenails.
Your skin changes colour to match your surroundings (Stealth+).
Your flesh is heat resistant. (rF+)
You are very weak. (Str -4)


Message History

What are your orders? t - Shout!
Orders for allies: a - Attack new target. r - Retreat! s - Stop attacking. g - Guard the area. f - Follow me.
Anything else - Cancel.
Gang up on whom?
Press: ? - help, Dir - move target, f - catoblepas
Aim: a catoblepas (lightly wounded, ally target) Attack!
The wind drake bites you but does no damage.
The catoblepas gores you!
Your shadow imp hits the catoblepas but does no damage.
The wolf howls!
You hit the wind drake.
Your weapon exudes an aura of protection.
Your kick misses the wind drake.
The wind drake is lightly wounded.
You hear an angry hiss.
The wolf bites you but does no damage.
The wind drake bites you but does no damage.
The catoblepas gores you but does no damage.
The wolf bites you but does no damage.
You hit the wind drake. You claw the wind drake.
The wind drake is moderately wounded.
Your shadow imp hits the catoblepas but does no damage.
The wind drake is struck by your spines.
The wind drake bites you but does no damage.
The wolf barely misses you. The catoblepas gores you!!
* * * LOW HITPOINT WARNING * * *
You feel better. The wolf bites you.
* * * LOW HITPOINT WARNING * * *
The wind drake bites you.
* * * LOW HITPOINT WARNING * * *
Your shadow imp hits the catoblepas but does no damage.
The wolf barely misses you.
The catoblepas is struck by your spines.
The catoblepas gores you!!
You die...
Xom cackles wildly!

..*,, ,,#......#.##P##....##
..##+####.......#...##....#
................<.........###****
............................#.. *
...............................,,
##.............................,,
#............................. ,
#.....#######.................,,
.....#* #..@hh.h..#....##.,,
*#..## #..kY.#....>.....*,, *..,
* * **###..†5.#...........,, .
,*,***..PPP....##P.##P.#P..,, *
,,,,, ..................,,,,, **
,,,,,,.............#...#., ,,, ,
** **,,######.......#...., ,,,, >
,,* * * #............. * ,,, ~~~
,,*******#...###..#..,,,*,,


You could see a catoblepas (ally target), a wind drake (repels missiles), 3
wolves and a friendly shadow imp (summoned).

Vanquished Creatures
  Gastronok (D:8)
  The ghost of ctx the Thaumaturge, a journeyman GnEE of Cheibriados (Lair:2)
  5 hydras
  The ghost of Jingleheimer the Basher, a journeyman DsFi of Dithmenos (D:9)
  Erica (D:9)
  A two-headed ogre (D:9)
  A death yak (Lair:3)
  Amaemon (Lair:1)
  Pikel (D:4)
  An ugly thing (D:8)
  An elephant (Lair:3)
  Maurice (D:8)
  A black mamba (Lair:3)
  7 cane toads
  An orange demon (Lair:1)
  2 komodo dragons
  Sigmund (D:5)
  2 wyverns
  14 yaks
  3 basilisks (Lair:2)
  Menkaure (D:6)
  A swamp worm (Lair:2)
  11 water moccasins
  6 orc warriors
  2 sky beasts
  An ogre (D:5)
  13 wolves
  3 centaurs
  5 phantoms
  A lemure (D:4)
  9 kobold brigands
  Blork the orc (D:5)
  9 bullfrogs
  2 gnoll sergeants
  5 scorpions
  A necrophage (D:5)
  5 wights (D:6)
  3 killer bees (D:9)
  A howler monkey (D:5)
  2 hounds
  2 jellies
  10 orc priests
  Crazy Yiuf (D:4)
  An iguana (D:5)
  10 orc wizards
  7 adders
  9 gnolls
  3 river rats (Sewer)
  A white imp (D:6)
  4 worms (Sewer)
  3 dart slugs
  34 orcs
  5 endoplasms
  4 giant cockroaches
  6 goblins
  3 hobgoblins
  7 jackals
  19 kobolds
  9 quokkas
  5 ball pythons
  4 bats (D:1)
  3 frilled lizards (D:3)
  9 rats
  A toadstool (Lair:3)
289 creatures vanquished.

Vanquished Creatures (collateral kills)
  A komodo dragon (Lair:3)
1 creature vanquished.

Vanquished Creatures (others)
  A steam dragon (D:9)
  A kobold brigand (D:9)
  A kobold (D:9)
  8 fungi
  40 plants
  12 toadstools (Lair:3)
63 creatures vanquished.

Grand Total: 353 creatures vanquished

Notes
Turn   | Place    | Note
-------+----------+-------------------------------------------
     0 | D:1      | KevinSullivan the Demonspawn Gladiator began the quest for
                  | the Orb.
     0 | D:1      | Reached XP level 1. HP: 16/16 MP: 1/1
   104 | D:1      | Gained mutation: You are partially covered in sharp spines.
                  | [demonic ancestry]
   104 | D:1      | Reached XP level 2. HP: 15/22 MP: 2/2
   243 | D:1      | Reached skill level 3 in Staves
  1027 | D:3      | Found a hide-covered altar of Uskayaw.
  1044 | D:3      | Found a shimmering altar of Xom.
  1050 | D:3      | Gained mutation: Spells you cast may paralyse adjacent
                  | enemies. [demonic ancestry]
  1050 | D:3      | Reached XP level 3. HP: 27/27 MP: 3/3
  1348 | D:3      | Noticed a phantom
  1348 | D:3      | Noticed a scorpion
  1450 | D:4      | Gained mutation: You are mostly covered in sharp spines.
                  | [demonic ancestry]
  1450 | D:4      | Reached XP level 4. HP: 34/34 MP: 5/5
  1495 | D:4      | Found a glowing drain.
  1499 | Sewer    | Entered a sewer
  1524 | Sewer    | Noticed a kobold brigand
  1536 | Sewer    | Killed a kobold brigand
  1537 | Sewer    | Reached skill level 1 in Polearms
  1537 | Sewer    | Reached skill level 1 in Armour
  1537 | Sewer    | Reached skill level 1 in Stealth
  1537 | Sewer    | Reached skill level 1 in Spellcasting
  1537 | Sewer    | Reached XP level 5. HP: 35/39 MP: 6/6
  1816 | Sewer    | Reached skill level 4 in Staves
  1816 | Sewer    | Reached XP level 6. HP: 27/46 MP: 7/7
  2607 | Sewer    | Gained mutation: You are completely covered in sharp
                  | spines. [demonic ancestry]
  2607 | Sewer    | Reached XP level 7. HP: 49/52 MP: 9/9
  2781 | D:4      | Noticed Menkaure
  3675 | D:4      | Noticed Pikel
  3698 | D:4      | Killed Pikel
  3699 | D:4      | Reached skill level 5 in Staves
  3699 | D:4      | Gained mutation: You are partially covered in molten
                  | scales. (AC +2) [demonic ancestry]
  3699 | D:4      | Reached XP level 8. HP: 58/58 MP: 9/11
  3800 | D:3      | Found a radiant altar of Vehumet.
  4035 | D:3      | Became a worshipper of Xom of Chaos
  4130 | D:4      | Found a runed translucent door.
  4131 | D:4      | Noticed Crazy Yiuf
  4140 | D:4      | Killed Crazy Yiuf
  4359 | D:4      | XOM: cloud trail
  4613 | D:5      | Entered Level 5 of the Dungeon
  4756 | D:5      | Noticed Blork the orc
  4762 | D:5      | Killed Blork the orc
  4772 | D:5      | Reached skill level 6 in Staves
  5037 | D:5      | Gained mutation: You are mostly covered in molten scales.
                  | (AC +3) [demonic ancestry]
  5037 | D:5      | Reached XP level 9. HP: 57/65 MP: 13/13
  5049 | D:5      | XOM: silly message
  5072 | D:5      | XOM: 1-stop teleportation journey
  5211 | D:5      | XOM: silly message
  5212 | D:5      | Noticed Sigmund
  5223 | D:5      | Killed Sigmund
  5558 | D:6      | XOM: polymorph kobold -> quokka
  5569 | D:6      | XOM: silly message
  5608 | D:6      | Reached skill level 1 in Evocations
  5747 | D:6      | Killed Menkaure
  5863 | D:6      | Found the +7 staff of the Meek {protect, meekguard}
  5927 | D:6      | Found a staircase to the Ecumenical Temple.
  6234 | D:7      | Reached skill level 7 in Staves
  6363 | D:7      | XOM: summons 4 hostile shadow creatures
  6427 | D:8      | Noticed a purple ugly thing
  6445 | D:8      | Killed a purple ugly thing
  6566 | D:8      | XOM: give mutations
  6566 | D:8      | Gained mutation: You are weak. (Str -2) [Xom's mischief]
  6566 | D:8      | Gained mutation: You are very weak. (Str -4) [Xom's
                  | mischief]
  6566 | D:8      | Gained mutation: Your flesh is heat resistant. (rF+) [Xom's
                  | mischief]
  6847 | D:7      | Gained mutation: You have sharp fingernails. [demonic
                  | ancestry]
  6847 | D:7      | Reached XP level 10. HP: 71/73 MP: 15/15
  7037 | D:7      | XOM: silly message
  7194 | D:7      | Found Qin Tel's Antique Weapon Boutique.
  7490 | D:8      | XOM: 1-stop teleportation journey
  7523 | D:8      | XOM: cast spell 'Disjunction'
  7641 | D:8      | XOM: cast spell 'Necromutation'
  7646 | D:8      | Reached skill level 5 in Dodging
  7910 | D:8      | Noticed Gastronok
  7918 | D:8      | XOM: butterfly on damage
  7924 | D:8      | XOM: enchant monster (good)
  7939 | D:8      | Killed Gastronok
  7940 | D:8      | Reached skill level 5 in Fighting
  7940 | D:8      | Reached skill level 8 in Staves
  7940 | D:8      | Reached skill level 5 in Armour
  7961 | D:8      | XOM: god gift: scroll of teleportation
  8162 | D:8      | XOM: god gift: 14 gold pieces
  8261 | D:8      | Found an opulent altar of Gozag.
  8261 | D:8      | Noticed Maurice
  8264 | D:8      | XOM: potion effect (might)
  8283 | D:8      | Killed Maurice
  8394 | D:9      | XOM: noise
  8416 | D:9      | Noticed a two-headed ogre
  8421 | D:9      | Noticed Erica
  8423 | D:9      | XOM: scenery: summon butterflies
  8428 | D:9      | XOM: summons friendly quasit
  8434 | D:9      | XOM: destruction
  8436 | D:9      | Killed Erica
  8441 | D:9      | XOM: scenery: create altars
  8446 | D:9      | Killed a two-headed ogre
  8451 | D:9      | Reached skill level 9 in Staves
  8493 | D:9      | XOM: confuse monster(s)
  8518 | D:9      | XOM: swap monsters
  8521 | D:9      | Reached XP level 11. HP: 55/80 MP: 17/17
  8707 | D:9      | Learned a level 3 spell: Stone Arrow
  8746 | D:9      | Noticed Jingleheimer's ghost (journeyman DsFi)
  8749 | D:9      | Found a runed translucent gate.
  8751 | D:9      | Found a runed translucent gate.
  8752 | D:9      | Found a runed translucent gate.
  8753 | D:9      | Identified the +0 scale mail of Least Resistance {Regen+}
  8846 | D:9      | Found a staircase to the Lair.
  9106 | D:9      | Learned a level 4 spell: Petrify
  9216 | D:9      | XOM: god gift: scroll of immolation
  9305 | D:9      | Killed Jingleheimer's ghost
  9306 | D:9      | Reached skill level 5 in Throwing
  9447 | Lair:1   | Entered Level 1 of the Lair of Beasts
  9469 | Lair:1   | Reached skill level 1 in Conjurations
  9492 | Lair:1   | XOM: give mutation
  9492 | Lair:1   | Gained mutation: You have sharp toenails. [Xom's grace]
  9520 | Lair:1   | Noticed Amaemon
  9625 | Lair:1   | XOM: confuse monster(s)
  9662 | Lair:1   | Noticed a six-headed hydra
  9663 | Lair:1   | XOM: confuse monster(s)
  9670 | Lair:1   | Killed a six-headed hydra
  9671 | Lair:1   | Reached skill level 5 in Stealth
  9671 | Lair:1   | Reached skill level 1 in Earth Magic
  9698 | Lair:1   | Noticed a seven-headed hydra
  9713 | Lair:1   | Killed a seven-headed hydra
  9714 | Lair:1   | Reached skill level 1 in Transmutations
  9920 | Lair:1   | XOM: 1-stop teleportation journey
  9971 | Lair:1   | XOM: confuse monster(s)
  9976 | Lair:1   | XOM: silly message
  9996 | Lair:1   | Killed Amaemon
 10076 | Lair:1   | Identified the ring "Cyimob" {Fly rC- MP+9 Str+3 Stlth+}
 10247 | Lair:1   | XOM: silly message
 10487 | Lair:2   | Reached skill level 5 in Polearms
 10590 | Lair:2   | Noticed a five-headed hydra
 10599 | Lair:2   | XOM: fog
 10602 | Lair:2   | Noticed a seven-headed hydra
 10606 | Lair:2   | XOM: scenery: summon butterflies
 10610 | Lair:2   | Killed a seven-headed hydra
 10613 | Lair:2   | Killed a five-headed hydra
 10614 | Lair:2   | Reached skill level 5 in Spellcasting
 10614 | Lair:2   | Gained mutation: You have very sharp fingernails. [demonic
                  | ancestry]
 10614 | Lair:2   | Reached XP level 12. HP: 57/88 MP: 19/19
 10620 | Lair:2   | Learned a level 5 spell: Irradiate
 10733 | Lair:2   | Noticed a five-headed hydra
 10735 | Lair:2   | Noticed an eight-headed hydra
 10741 | Lair:2   | XOM: 2-stop teleportation journey
 10877 | Lair:2   | Killed a five-headed hydra
 10961 | Lair:2   | Found a runed translucent door.
 10968 | Lair:2   | Noticed ctx's ghost (journeyman GnEE)
 10976 | Lair:2   | XOM: divination: detect items
 10991 | Lair:2   | XOM: confuse monster(s)
 10993 | Lair:2   | Killed ctx's ghost
 10994 | Lair:2   | Reached skill level 10 in Staves
 11040 | Lair:2   | XOM: god gift: wand of polymorph (3)
 11395 | Lair:2   | XOM: god gift: 63 gold pieces
 11458 | Lair:3   | Identified the +1 chain mail "Pyrchin" {rElec rC- Dex-5
                  | Slay+4}
 11517 | Lair:3   | Found a blossoming altar of Fedhas.
 11535 | Lair:3   | XOM: god gift: 3 stones
 11598 | Lair:3   | Identified the +7 plate armour "Juahu" {Drain rN++ Will+}
 11631 | Lair:3   | XOM: summons 6 friendly demons
 11636 | Lair:3   | XOM: give mutation
 11636 | Lair:3   | Gained mutation: Your skin changes colour to match your
                  | surroundings (Stealth+). [Xom's grace]
 11718 | Lair:3   | XOM: confusion
 11766 | Lair:3   | XOM: confuse monster(s)
 11770 | Lair:3   | Noticed a death yak
 11777 | Lair:3   | Killed a death yak
 11778 | Lair:3   | Found a staircase to the Snake Pit.
 11778 | Lair:3   | Noticed a death yak
 11778 | Lair:3   | Noticed a death yak
 11784 | Lair:3   | Noticed a four-headed hydra
 12045 | Lair:3   | XOM: divination: magic mapping
 12046 | Lair:3   | Noticed a catoblepas
 12059 | Lair:3   | XOM: polymorph elephant -> wind drake
 12067 | Lair:3   | XOM: confuse monster(s)
 12071 | Lair:3   | XOM: summons friendly shadow imp
 12077 | Lair:3   | Mangled by a catoblepas

Illustrated notes

Levels and vault maps discovered:
D:1:      wander_arrival_chamber, layout_basic, kennysheep_small_spiral
D:2:      layout_basic, dreamdust_ecumenical_altar_drowned_temple, basic_altar
D:3:      layout_rooms, grunt_temple_overflow_open, amcnicky_altar_gilded,
          minmay_fountain_box
D:4:      layout_basic, gup_sewer_entry_spiral, uniq_menkaure, uniq_pikel,
          uniq_crazy_yiuf_cottage
D:5:      wad_pebble_path, layout_loops_ring, chequers_serial_rivers_marsh,
          uniq_sigmund, uniq_blork_the_orc
D:6:      layout_basic, minmay_temple_entry_enclosed_plants
D:7:      layout_loops_ring, serial_shops, kennysheep_mini,
          kennysheep_generic_room_9
D:8:      layout_basic, nicolae_overflow_hidden_temple, serial_glass,
          glass_columns_b, glass_columns_a, due_unseen_surprise,
          kennysheep_generic_room_14, uniq_maurice, uniq_gastronok
D:9:      layout_cave_pools, david_lair_shrubbed, biasface_ghost_orc_armoury,
          uniq_erica
Lair:1:   layout_chaotic_city, st_stairs_10, infiniplex_staircase_pool_2,
          uniq_amaemon
Lair:2:   layout_regular_city, ebering_ghost_inner_flame, serial_bayou_shore_b,
          grunt_megastairs_3, serial_bayou_shore_b
Lair:3:   layout_chaotic_city, elwin_shoals_entry_stream, dummy_snake_entry,
          tgw_fedhas, grunt_megastairs_2

Skill      XL: |  1  2  3  4  5  6  7  8  9 10 11 12 |
---------------+-------------------------------------+-----
Staves         | 3 4 5 6 7 9 10 | 10.3
Dodging        | 3 4 5 6 |  6.8
Polearms       | 1 2 3 4 5 |  5.4
Throwing       | 2 3 4 5 |  5.8
Armour         | 1 2 3 4 5 6 |  6.1
Stealth        | 1 2 3 4 5 6 |  6.1
Spellcasting   | 1 2 3 4 5 |  5.3
Fighting       | 3 4 5 6 |  6.6
Evocations     | 2 3 4 |  4.7
Conjurations   | 2 3 |  3.0
Earth Magic    | 2 |  2.6
Transmutations | 2 |  2.5

Action                   |  1- 3 |  4- 6 |  7- 9 | 10-12 || total
-------------------------+-------+-------+-------+-------++-------
Melee: Quarterstaff      |    62 |    98 |   201 |   306 ||   667
       Kick              |       |       |       |    71 ||    71
Throw: Throwing net      |     3 |       |     1 |       ||     4
       Dart              |       |     9 |     7 |     9 ||    25
       Javelin           |       |       |    13 |       ||    13
       Boomerang         |       |       |     8 |     3 ||    11
 Cast: Stone Arrow       |       |       |       |     1 ||     1
Evoke: Wand              |       |       |     5 |    30 ||    35
  Use: Scroll            |     9 |       |    12 |     8 ||    29
       Potion            |     1 |       |     4 |     8 ||    13
 Stab: Sleeping          |     1 |       |     4 |     8 ||    13
       Held in net/web   |     1 |       |       |       ||     1
       Confused          |       |       |       |     7 ||     7
       Paralysed         |       |       |       |     3 ||     3
       Distracted        |       |       |       |     1 ||     1
       Petrified         |       |       |       |     4 ||     4
Armor: Leather armour    |    23 |       |       |       ||    23
       Ring mail         |     9 |     8 |     8 |       ||    25
       Robe              |       |       |    35 |   111 ||   146
       Chain mail        |       |       |       |    59 ||    59
Dodge: Dodged            |    55 |    45 |   132 |   243 ||   475
